Map: Pylon LE

Players

llllllllllll - Winner!

  • Race: Terran Terran
  • League: Master
  • Spawn Location: 5:00

SortOf

  • Race: Zerg Zerg
  • League: Grandmaster
  • Spawn Location: 11:00

VOD

Have the link to the VOD?

Description

Time

  • Played on: Nov. 6, 2025, 5:09 a.m.
  • Length: 8:58
Show
View Real Time Build Order
Export as new Build Order

llllllllllll Terran - Winner!

Build Orders: Reaper Expand, Hellion Banshee 

Get SALT Encoding   

  12  0:00  SCV  
  13  0:12  SCV  
  14  0:17  Supply Depot  
  14  0:24  SCV  
  15  0:39  SCV, Barracks  
  15  0:42  Refinery  
  16  0:51  SCV  
  17  1:03  SCV  
  18  1:15  SCV  
  19  1:26  Reaper  
  19  1:27  Orbital Command  
  20  1:38  Command Center  
  20  1:47  Supply Depot  
  20  1:53  SCV  
  21  1:58  Marine  
  22  2:05  SCV  
  23  2:10  Factory  
  23  2:17  SCV  
  23  2:20  Barracks Reactor  
  24  2:29  SCV  
  25  2:40  Command Center  
  25  2:41  SCV  
  26  2:51  Orbital Command  
  26  2:53  SCV  
  27  2:59  Starport  
  27  3:07  SCV  
  27  3:08  Hellion  
  27  3:11  Hellion  
  32  3:16  Refinery  
  32  3:18  SCV  
  33  3:20  SCV  
  33  3:24  Hyperflight Rotors, Barracks Tech Lab  
  33  3:27  Refinery  
  34  3:30  SCV  
  34  3:32  SCV  
  34  3:33  Hellion  
  38  3:39  Hellion  
  40  3:42  SCV  
  40  3:44  SCV  
  42  3:50  Banshee  
  42  3:52  Orbital Command  
  42  3:54  SCV  
  46  3:56  SCV  
  47  4:06  Marine, SCV  
  47  4:08  SCV  
  47  4:09  Hellion x2  
  54  4:18  SCV  
  54  4:20  SCV  
  54  4:21  SCV  
  54  4:22  Supply Depot  
  57  4:25  Barracks Tech Lab  
  57  4:30  SCV  
  58  4:32  SCV  
  58  4:33  SCV  
  58  4:37  Barracks  
  60  4:39  Factory Reactor, Barracks  
  60  4:42  SCV  
  60  4:43  Banshee  
  60  4:44  SCV  
  60  4:45  SCV  
  66  4:47  Refinery  
  66  4:50  Refinery  
  66  4:51  Supply Depot  
  66  4:54  Supply Depot  
  66  4:56  Marine  
  66  4:57  SCV x2  
  66  4:58  Stimpack  
  69  5:01  Orbital Command  
  69  5:10  Engineering Bay  
  69  5:11  Engineering Bay  
  69  5:12  SCV x2  
  69  5:14  Supply Depot  
  71  5:17  Supply Depot  
  71  5:22  Barracks, Marine  
  71  5:23  Barracks  
  71  5:25  SCV x2, Marine  
  71  5:26  Marine  
  76  5:33  SCV  
  77  5:37  SCV x2, Siege Tank  
  77  5:38  Marine  
  77  5:40  Terran Infantry Weapons Level 1  
  77  5:41  Starport Reactor  
  83  5:43  Supply Depot  
  83  5:45  SCV  
  83  5:47  Terran Infantry Armor Level 1  
  83  5:49  SCV x2, Marine x2  
  87  5:50  Marine  
  89  6:05  Marine x2  
  89  6:07  SCV x3  
  89  6:09  Siege Tank, Marine x2  
  99  6:16  Supply Depot  
  99  6:17  Barracks Reactor x2, Barracks  
  99  6:18  Barracks x2, Medivac  
  99  6:23  SCV x2  
  103  6:25  Medivac, Supply Depot  
  103  6:26  Marine x2  
  103  6:31  SCV, Supply Depot  
  108  6:33  Marine  
  108  6:37  Marine, SCV  
  111  6:40  SCV, Marine  
  111  6:41  Combat Shield, Supply Depot  
  111  6:45  SCV  
  114  6:48  Marine x2, Medivac  
  114  6:51  Marine  
  114  6:53  Marine x2  
  121  6:54  Marine  
  121  6:55  Marine x2  
  121  6:58  Supply Depot, Marine  
  121  6:59  Medivac  
  127  7:05  Siege Tank  
  127  7:06  Marine x2  
  127  7:07  Refinery  
  132  7:09  Marine x2  
  132  7:10  Marine x2  
  132  7:12  Armory  
  132  7:13  Marine x2  
  132  7:14  Marine  
  132  7:15  Marine  
  140  7:17  Marine  
  140  7:19  Marine  
  142  7:23  Marine  
  142  7:24  Marine  
  142  7:26  Marine  
  142  7:27  Marine x2  
  142  7:28  Marine  
  148  7:30  Marine  
  149  7:38  Marine  
  149  7:45  Marine x2, Supply Depot  
  149  7:47  Marine, Medivac  
  149  7:50  Marine  
  149  7:52  Marine x3  
  149  7:53  Medivac  
  149  7:54  Marine x2  
  149  7:55  Siege Tank, Marine x2  
  149  7:56  Marine  
  144  8:03  Marine x2  
  144  8:05  Marine  
  147  8:08  Marine  
  147  8:10  Marine x3  
  147  8:12  Marine x2  
  153  8:13  Marine x2  
  153  8:14  Marine  
  153  8:17  Medivac  
  143  8:20  Marine x2, Refinery  
  143  8:23  Marine  
  143  8:26  Marine  
  140  8:28  Marine x3  
  140  8:30  Marine x2  
  140  8:31  Marine x2  
  140  8:32  Marine  
  151  8:38  Marine x2  
Show
View Real Time Build Order
Export as new Build Order

SortOf Zerg 

Build Orders: Hatch First, Swarm Host 

Get SALT Encoding   

  12  0:00  Drone  
  13  0:08  Drone  
  14  0:14  Extractor  
  14  0:15  Drone  
  15  0:22  Overlord  
  15  0:41  Drone  
  16  0:46  Hatchery  
  16  0:49  Drone  
  16  0:52  Drone  
  17  0:58  Drone  
  18  1:08  Extractor  
  17  1:12  Spawning Pool  
  17  1:15  Drone  
  17  1:18  Drone  
  18  1:27  Drone  
  19  1:37  Drone  
  20  1:48  Drone  
  21  1:58  Queen x2  
  21  2:00  Zergling x4  
  27  2:11  Overlord  
  27  2:12  Drone  
  28  2:23  Metabolic Boost  
  28  2:32  Drone x4  
  28  2:34  Queen  
  34  2:41  Overlord  
  34  2:47  Drone  
  35  2:54  Hatchery  
  35  2:58  Overlord  
  34  3:04  Drone x3  
  37  3:11  Queen  
  39  3:14  Drone x2  
  39  3:16  Drone  
  42  3:23  Queen  
  45  3:27  Drone  
  45  3:28  Drone  
  45  3:29  Drone  
  48  3:34  Drone  
  48  3:37  Drone  
  48  3:38  Drone  
  50  3:45  Zergling x4  
  50  3:48  Overlord x2  
  52  4:02  Overlord  
  52  4:05  Queen  
  52  4:06  Queen  
  60  4:10  Drone x5  
  60  4:12  Overlord  
  60  4:14  Zergling x2  
  60  4:15  Zergling x2  
  62  4:21  Drone x4  
  66  4:24  Overlord  
  66  4:25  Drone  
  66  4:28  Overlord  
  66  4:31  Drone x2  
  69  4:36  Lair  
  69  4:38  Drone  
  70  4:43  Drone x5  
  75  4:57  Extractor, Spore Crawler  
  75  4:59  Drone x8  
  81  5:02  Spore Crawler, Roach Warren  
  81  5:04  Spore Crawler  
  81  5:05  Extractor  
  77  5:07  Queen  
  77  5:11  Queen  
  81  5:17  Hatchery  
  80  5:23  Drone x3  
  80  5:24  Extractor  
  80  5:25  Drone x3  
  80  5:26  Overlord  
  85  5:31  Zergling x4  
  85  5:34  Overlord  
  85  5:35  Overseer  
  87  5:38  Drone  
  87  5:41  Drone x5, Spore Crawler  
  92  5:45  Extractor  
  92  5:47  Overseer  
  91  5:52  Roach x6  
  103  6:01  Evolution Chamber x2, Extractor  
  98  6:04  Drone x2  
  98  6:05  Drone  
  98  6:10  Drone x2  
  103  6:12  Drone  
  103  6:15  Overlord  
  103  6:16  Drone x4  
  108  6:23  Overlord  
  108  6:24  Glial Reconstitution  
  108  6:28  Infestation Pit  
  107  6:35  Roach x9  
  107  6:36  Overlord  
  107  6:37  Extractor  
  123  6:43  Zerg Ground Armor Level 1, Zerg Missile Weapons Level 1, Overlord  
  123  6:45  Overlord, Overseer  
  123  6:52  Spore Crawler  
  123  6:53  Drone x4  
  126  6:56  Drone  
  127  7:02  Extractor  
  127  7:05  Swarm Host x6  
  144  7:14  Swarm Host x2  
  150  7:25  Swarm Host x2  
  150  7:27  Overlord  
  156  7:31  Overlord  
  156  7:32  Overlord  
  156  7:34  Hive  
  156  7:48  Roach x4  
  144  7:53  Roach x11  
  144  7:57  Roach x4  
  159  8:05  Roach  
  159  8:06  Overlord  
  159  8:11  Overlord  
  159  8:18  Queen  
  133  8:20  Roach x6  
  133  8:21  Roach  
  133  8:22  Roach  
  131  8:27  Roach x3  
  131  8:36  Zergling x20  
Tags
 
Add a new tag
Caveats
  • Supply blocks, unpowered buildings, or Contaminate may cause inaccurate times.
  • Supply counts are checked every 10 seconds.